 Dungeon Crawl Stone Soup version 0.31.0-9-g3a7656b989 (webtiles) character file.

Game seed: 12595875910725596345

10 CaptainMV the Trooper (level 2, 0/26 HPs)
             Began as a Demonspawn Wanderer on Feb 2, 2024.
             Slain by a gnoll
             ... wielding a +0 flail
              (12 damage)
             ... on level 1 of the Dungeon.
             The game lasted 00:02:38 (133 turns).

CaptainMV the Trooper (Demonspawn Wanderer)          Turns: 133, Time: 00:02:39

Health: 0/26       AC:  2    Str: 11    XL:     2   Next: 10%
Magic:  5/5        EV: 11    Int: 16    God:
Gold:   9          SH:  0    Dex:  9    Spells: 4/5 levels left

rFire   . . .        (no weapon)
rCold   . . .        (no shield)
rNeg    . . .        c - +0 robe
rPois   .            (no helmet)
rElec   .            (no cloak)
rCorr   .            (no gloves)
SInv    .            (no boots)
Will    .....        f - amulet of magic regeneration
Stlth   +            (no ring)
HPRegen 0.24/turn    (no ring)
MPRegen 0.58/turn

%: no passive effects
@: no status effects
A: magic regeneration
a: no special abilities


You were on level 1 of the Dungeon.
You visited 1 branch of the dungeon, and saw 1 of its levels.

You collected 9 gold pieces.

Inventory:

Hand Weapons
 a - a +0 club
Armour
 c - a +0 robe (worn)
Jewellery
 f - an amulet of magic regeneration (around neck)
Scrolls
 b - a scroll of blinking
 e - a scroll of revelation {unknown}
Potions
 d - a potion of curing


   Skills:
 + Level 4.3 Fighting
 + Level 0.4 Unarmed Combat
 + Level 2.0 Spellcasting
 + Level 2.0 Hexes
 + Level 1.0 Translocations
 + Level 1.0 Evocations


You had 4 spell levels left.
You knew the following spells:

 Your Spells              Type           Power      Damage    Failure   Level
a - Slow                  Hex            32%        N/A       9%          1

Your spell library contained the following spells:

 Spells                   Type           Power      Damage    Failure   Level
 Apportation              Tloc           8%         N/A       14%         1
 Confusing Touch          Hex            8%         N/A       26%         3
 Sigil of Binding         Hex            8%         N/A       26%         3
 Volatile Blastmotes      Fire/Tloc      6%         2d10      45%         3


Dungeon Overview and Level Annotations

Branches:
Dungeon (1/15)

Altars:


Innate Abilities, Weirdness & Mutations

You regenerate magic rapidly.


Message History

The bat hits you but does no damage. The bat hits you.
The bat barely misses you.
You hit the bat but do no damage.
The bat is severely wounded.
The bat closely misses you. The bat hits you but does no damage.
You barely miss the bat.
The bat is severely wounded.
The bat barely misses you. The bat barely misses you.
You miss the bat.
The bat is heavily wounded.
The bat hits you but does no damage.
Found a triangular ruby amulet and 15 gold pieces.
The bat barely misses you.
You hit the bat.
The bat is severely wounded.
The bat hits you. The bat misses you.
Found a mace.
The bat barely misses you.
Found 14 gold pieces.
The bat barely misses you.
You hit the bat.
You kill the bat!
A gnoll comes into view. It is wielding a +0 flail.
The gnoll shouts!
You hear a shout!
f - an amulet of magic regeneration You start putting on your amulet.
You continue putting on your amulet of magic regeneration. x5
The gnoll hits you with a +0 flail.
You finish putting on your amulet of magic regeneration.
f - an amulet of magic regeneration (around neck)
You hit the gnoll.
The gnoll is lightly wounded.
The gnoll closely misses you.
You hit the gnoll.
The gnoll is moderately wounded.
The gnoll barely misses you.
You hit the gnoll.
The gnoll is moderately wounded.
The gnoll hits you with a +0 flail!
You die...

#.....# ...# #.....#
#.#.# #. # #.....#
........ # #.....#
#.#.#.# ####.....#
####.#... ..##.....#
#....#.#
..##)....###......######
.)'.....................
.†####...###...g@.####
..# #...# #...#### ..#
#.....##...# ..#
#.........$.. ..#
#......#.....) ..#
#......##...... ..#
#...$. ..g.... ...


You could see a gnoll.

Vanquished Creatures
  5 bats (D:1)
  An endoplasm (D:1)
  A goblin (D:1)
  A frilled lizard (D:1)
  A kobold (D:1)
9 creatures vanquished.

Notes
Turn   | Place    | Note
-------+----------+-------------------------------------------
     0 | D:1      | CaptainMV the Demonspawn Wanderer began the quest for the
                  | Orb.
     0 | D:1      | CaptainMV set off with the following items: a +0 club, a
                  | scroll of blinking, a +0 robe, a potion of curing; and the
                  | following spells available to memorise: Slow, Apportation,
                  | Confusing Touch, Sigil of Binding, Volatile Blastmotes.
     0 | D:1      | Reached XP level 1. HP: 19/19 MP: 3/3
     2 | D:1      | Learned a level 1 spell: Slow
   106 | D:1      | Gained mutation: You regenerate magic rapidly. [demonic
                  | ancestry]
   106 | D:1      | Reached XP level 2. HP: 12/25 MP: 5/5
   133 | D:1      | Slain by a gnoll

Illustrated notes

Levels and vault maps discovered:
D:1:      ncdulo_smallfort, layout_basic, minmay_indecisive_spiral

Action                     || total
---------------------------++-------
  Melee: Unarmed           ||    54
   Cast: Slow              ||     6
 Armour: Robe              ||    62
  Dodge: Dodged            ||    53
